 Dungeon Crawl Stone Soup version 0.27-a0-1312-g5cdb2b3542 (webtiles) character file.

Game seed: 7607979779983407217

2188 freelancePsychic the Cleaver (level 9, 0/78 HPs)
             Began as a Hill Orc Artificer on June 20, 2021.
             Was a Believer of Zin.
             Slain by an iguana (11 damage)
             ... on level 6 of the Dungeon.
             The game lasted 00:19:00 (8973 turns).

freelancePsychic the Cleaver (Hill Orc Artificer)   Turns: 8973, Time: 00:19:01

Health: 0/78       AC: 11    Str: 20    XL:     9   Next: 33%
Magic:  12/14      EV: 10    Int: 13    God:    Zin [**....]
Gold:   255        SH:  0    Dex: 13    Spells: 8/8 levels left

rFire    . . .     SeeInvis .   a - +1 war axe
rCold    . . .     Faith    .   (no shield)
rNeg     . . .     Spirit   .   r - +0 scale mail
rPois    ∞         Reflect  .   (no helmet)
rElec    .         Harm     .   m - +1 cloak
rCorr    +         Rampage  .   y - +0 pair of gloves
Will     .....                  (no boots)
Stlth    ..........             (no amulet)
HPRegen  0.23/turn              c - ring of resist corrosion
MPRegen  0.14/turn              (no ring)

@: vitalised, on recite cooldown
A: no striking features
a: Renounce Religion, Recite, Vitalisation, Donate Gold


You were on level 6 of the Dungeon.
You worshipped Zin.
Zin was pleased with you.
You visited 1 branch of the dungeon, and saw 7 of its levels.

You collected 283 gold pieces.
You donated 28 gold pieces to Zin.

Inventory:

Hand Weapons
 a - a +1 war axe (weapon)
 b - a +0 hunting sling
Missiles
 n - 6 javelins
 u - 114 stones
 v - 19 sling bullets
Armour
 m - a +1 cloak (worn)
 r - a +0 scale mail (worn)
 y - a +0 pair of gloves (worn)
 D - a scarf of invisibility
Jewellery
 c - a ring of resist corrosion (left hand)
Wands
 d - a wand of charming (5) (quivered)
 B - a wand of paralysis (6)
Scrolls
 f - a scroll of immolation
 g - a scroll of magic mapping {unknown}
 j - a scroll of blinking
 k - 3 scrolls of teleportation {@r4}
 l - 2 scrolls of fog
 s - a scroll of silence
 w - a scroll of noise
 x - a scroll of amnesia
 A - a scroll of summoning
 E - a scroll of brand weapon
Potions
 h - a potion of brilliance {unknown}
 i - 2 potions of flight {unknown}
 p - a potion of resistance {unknown}
 q - a potion of haste {@q3}
 t - 3 potions of curing {@q1}
 C - a potion of mutation {unknown}
Miscellaneous
 e - a piece from Xom's chessboard (15/15)


   Skills:
 + Level 6.4 Fighting
 - Level 10.2 Axes
 + Level 5.7 Armour
 - Level 0.7 Dodging
 - Level 0.7 Stealth
 + Level 7.0 Invocations
 - Level 3.0 Evocations


You had 8 spell levels left.
You didn't know any spells.
Your spell library contained the following spells:

 Spells                   Type           Power      Damage    Failure   Level
 Beastly Appendage        Tmut           0%         N/A       63%         1
 Magic Dart               Conj           0%         1d3       63%         1
 Blink                    Tloc           N/A        N/A       77%         2
 Call Imp                 Summ           0%         N/A       77%         2
 Slow                     Hex            0%         N/A       77%         2
 Wereblood                Tmut           0%         N/A       77%         2
 Conjure Flame            Conj/Fire      0%         6-21      94%         3
 Mephitic Cloud           Conj/Pois/Air  0%         N/A       94%         3
 Spider Form              Tmut/Pois      0%         N/A       94%         3
 Ice Form                 Ice/Tmut       0%         N/A       100%        4


Dungeon Overview and Level Annotations

Branches:
Dungeon (7/15)             Temple (0/1) D:4

Altars:
Ashenzari
Elyvilon
Xom
Yredelemnul
Zin
The Shining One

Shops:
D:4 **

Annotations:
D:3 Eustachio
D:5 Maggie
D:6 Blork the orc


Message History

You clear your throat and prepare to recite. "It is just that the bastard children of Xom shall be ousted..."
You hear an angry hiss.
The yak barely misses you.
Zin grants you divine stamina. "...in due time, for harmony is what Zin has declared..."
The yak gores you.
You hit the yak but do no damage.
The yak is severely wounded. "...the law of the land, and Zin's word is law!"
You finish reciting Apostates 12:44.
The yak gores you.
You slash the yak!
You kill the yak!
Your Fighting skill increases to level 6!
You hit the ogre.
The ogre is lightly wounded.
You hit the yak but do no damage. The yak barely misses you.
The ogre barely misses you.
You hit the ogre.
The ogre is lightly wounded.
You hit the yak. The yak gores you.
You barely miss the ogre.
The ogre is lightly wounded.
You hit the yak. The ogre barely misses you. The yak gores you.
You hit the ogre.
The ogre is moderately wounded.
You hit the yak. The ogre barely misses you. The yak gores you!
You slash the ogre!
The ogre is severely wounded.
You slash the yak!
You kill the yak!
The ogre hits you with a +0 giant club!!
* * * LOW HITPOINT WARNING * * *
You slash the ogre!
You kill the ogre!
You slash the yak! The yak gores you but does no damage.
Your Invocations skill increases to level 7!
The iguana bites you!
You die...

.###.#
#..........#
..##.#
#.#######..#
.....#
#.#.....#..#
..####
#.#.....#..# .##
#.'.._..#..# .#
#.#.....#.## .#
#.#....Y#.# #####
#.#######.# )...#
#....Y†Y@.# ###.#
##.######l##
..#.# #..# #.#
#.#.####.## #.#
.#........# #..
#.#.#####.# #..
#.#.# #.# .#..
#....####.##. .
..
#...............#


You could see 3 yaks and an iguana.

Vanquished Creatures
  Sigmund (D:3)
  3 yaks (D:6)
  A sky beast (D:4)
  4 ogres
  A centaur (D:5)
  2 phantoms
  4 scorpions
  A wyvern skeleton (D:6)
  A howler monkey (D:6)
  A centaur zombie (D:5)
  2 bullfrog zombies
  2 hounds
  2 orc priests (D:6)
  A centaur skeleton (D:4)
  An iguana (D:5)
  Ijyb (D:3)
  4 orc wizards (D:5)
  A howler monkey skeleton (D:4)
  A howler monkey zombie (D:5)
  4 gnolls
  6 adders
  A white imp (D:5)
  2 ufetubi (D:5)
  An adder skeleton (D:4)
  2 worms
  7 dart slugs
  8 orcs
  7 ball pythons
  7 bats
  7 endoplasms
  A giant cockroach (D:2)
  5 goblins
  8 hobgoblins
  10 jackals
  A quokka (D:2)
  3 frilled lizards
  8 kobolds
  5 rats
127 creatures vanquished.

Vanquished Creatures (collateral kills)
  2 gnolls (D:2)
  An orc (D:5)
  A quokka (D:5)
4 creatures vanquished.

Vanquished Creatures (others)
  A water moccasin (D:6)
1 creature vanquished.

Grand Total: 132 creatures vanquished

Notes
Turn   | Place    | Note
-------+----------+-------------------------------------------
     0 | D:1      | freelancePsychic the Hill Orc Artificer began the quest for
                  | the Orb.
     0 | D:1      | Reached XP level 1. HP: 16/16 MP: 1/1
    79 | D:1      | Reached skill level 1 in Axes
   374 | D:1      | Reached XP level 2. HP: 19/24 MP: 2/2
   500 | D:1      | Reached skill level 2 in Axes
   538 | D:1      | Found a faded altar of an unknown god.
  1130 | D:2      | Reached XP level 3. HP: 18/29 MP: 3/3
  1281 | D:2      | Reached skill level 3 in Axes
  1800 | D:2      | Reached XP level 4. HP: 37/37 MP: 4/4
  2472 | D:3      | Reached skill level 4 in Axes
  2789 | D:3      | Noticed Ijyb
  2798 | D:3      | Paralysed by Ijyb for 4 turns
  2806 | D:3      | Paralysed by Ijyb for 4 turns
  2822 | D:3      | Paralysed by Ijyb for 5 turns
  2844 | D:3      | Killed Ijyb
  3092 | D:3      | Noticed Sigmund
  3352 | D:3      | Reached XP level 5. HP: 42/45 MP: 5/5
  3606 | D:3      | Found a white marble altar of Elyvilon.
  3606 | D:3      | Found a glowing silver altar of Zin.
  3608 | D:3      | Found a shimmering altar of Xom.
  3883 | D:4      | Found a staircase to the Ecumenical Temple.
  3885 | D:4      | Noticed an ogre
  3961 | D:3      | Killed Sigmund
  3962 | D:3      | Reached skill level 5 in Axes
  3962 | D:3      | Reached XP level 6. HP: 16/52 MP: 6/6
  4214 | D:4      | Reached skill level 6 in Axes
  4606 | D:4      | Noticed Eustachio
  4634 | D:3      | Reached XP level 7. HP: 52/60 MP: 7/7
  5090 | D:4      | Found Diwkouth's General Store.
  5091 | D:4      | Found Peucankiamn's Specific Store.
  5132 | D:4      | Reached skill level 7 in Axes
  5452 | D:3      | Found a broken altar of Ashenzari.
  5452 | D:3      | Found a basalt altar of Yredelemnul.
  5460 | D:3      | Became a worshipper of Zin the Law-Giver
  5460 | D:3      | Reached * piety under Zin
  5521 | D:5      | Entered Level 5 of the Dungeon
  5532 | D:4      | Reached skill level 1 in Invocations
  5975 | D:5      | Reached skill level 8 in Axes
  6480 | D:5      | Reached XP level 8. HP: 67/67 MP: 10/10
  6803 | D:5      | Reached skill level 9 in Axes
  6977 | D:5      | Noticed a wraith
  7633 | D:4      | Reached skill level 10 in Axes
  7633 | D:4      | Reached skill level 5 in Invocations
  7935 | D:6      | Noticed Maggie
  8369 | D:6      | Found a glowing golden altar of the Shining One.
  8394 | D:6      | Reached ** piety under Zin
  8416 | D:6      | Noticed a yak
  8416 | D:6      | Noticed a yak
  8416 | D:6      | Noticed a yak
  8416 | D:6      | Noticed a yak
  8416 | D:6      | Noticed a yak
  8420 | D:6      | Noticed a yak
  8425 | D:6      | Killed a yak
  8426 | D:6      | Reached skill level 5 in Fighting
  8437 | D:6      | Reached XP level 9. HP: 46/74 MP: 13/13
  8453 | D:6      | Noticed Blork the orc
  8505 | D:6      | Reached skill level 5 in Armour
  8973 | D:6      | Slain by an iguana

Illustrated notes

Levels and vault maps discovered:
D:1:      heliophobic_arrival_glass_houses, layout_basic,
          ebering_ecumenical_altar_hall, dk_noncrumbling_4
D:2:      minmay_alternating_diamond, layout_loops_ring
D:3:      layout_basic, nicolae_overflow_hidden_temple, uniq_sigmund, uniq_ijyb
D:4:      layout_loops_ring, temple_statues, nicolae_specific_store,
          palyth_stone_intersect, uniq_eustachio
D:5:      minmay_clustersquares, layout_layer_cave,
          hangedman_abyss_or_decor_slice, grunt_ministairs_15,
          chequers_serial_rivers_micro_e
D:6:      layout_loops_ring, amcnicky_altar_gilded, uniq_maggie,
          uniq_blork_the_orc
D:7:      layout_rooms, grunt_dithmenos_smoke_and_mirrors,
          kennysheep_generic_room_5

Skill      XL: |  1  2  3  4  5  6  7  8  9 |
---------------+----------------------------+-----
Axes           | 1 2 3 4 5 6 8 10 | 10.2
Fighting       | 2 3 4 5 6 |  6.4
Armour         | 3 4 5 |  5.7
Invocations    | 3 5 7 |  7.0
Dodging        | |  0.7
Stealth        | |  0.7
Evocations     | |  3.0

Action                   |  1- 3 |  4- 6 |  7- 9 || total
-------------------------+-------+-------+-------++-------
Melee: Hand axe          |   110 |   176 |       ||   286
       War axe           |       |    43 |   284 ||   327
 Fire: Hunting sling     |       |     1 |     9 ||    10
Invok: Recite            |       |       |     8 ||     8
       Vitalisation      |       |       |     1 ||     1
Evoke: Wand              |     2 |    16 |     7 ||    25
  Use: Potion            |       |     2 |     1 ||     3
       Scroll            |       |       |    11 ||    11
 Stab: Betrayed ally     |     1 |       |       ||     1
       Confused          |       |       |     1 ||     1
       Invisible         |       |       |     1 ||     1
Armor: Leather armour    |    33 |       |       ||    33
       Ring mail         |    18 |       |       ||    18
       Scale mail        |       |   138 |   168 ||   306
Dodge: Dodged            |    68 |   108 |   131 ||   307

Table legend: (Time is in decaauts)
 A = Elapsed time spent in this place.
 B = Non-inter-level travel time spent in this place.
 C = Inter-level travel time spent in this place.
 D = Time resting spent in this place.
 E = Time spent auto-exploring this place.
 F = Levels seen in this place.
 G = Mean time per level.
                   A        B        C        D        E       F      G
               +--------+--------+--------+--------+--------+-----+--------+
         Total |   9015 |   8678 |    337 |   1706 |   5381 |   7 | 1287.9 |
       Dungeon |   9015 |   8678 |    337 |   1706 |   5381 |   7 | 1287.9 |
               +--------+--------+--------+--------+--------+-----+--------+

Top non-repeatable levels by time:
     D:5: 2053 daAuts
     D:2: 1682 daAuts
     D:4: 1586 daAuts
     D:3: 1516 daAuts
     D:1: 1135 daAuts
     D:6: 1007 daAuts
     D:7: 33 daAuts
